IL
FRESNO GRIZZLIES @ SALT LAKE BEES
08/12/2047
 
TOP OF THE 1ST
Fresno Grizzlies batting - Pitching for Salt Lake Bees : RHP Mike Tallerico
Pitching: RHP Mike Tallerico
Batting: RHB C.J. Sagle 0-0: Ball
1-0: Swinging Strike
1-1: Swinging Strike
1-2: Foul Ball, location: 2F
1-2: Ball
2-2: Strikes out looking
Batting: RHB Sam Spohn 0-0: Ball
1-0: Foul Ball, location: 2F
1-1: SINGLE (Groundball, 4D, EV 98.1 MPH)
Batting: RHB Chris Lane 0-0: 2-RUN HOME RUN (Flyball, 78XD, EV 103.8 MPH), Distance : 404 ft
Batting: LHB Shigeru Ono 0-0: Ball
1-0: Ball
2-0: Swinging Strike
2-1: Ball
3-1: DOUBLE (Groundball, 3L, EV 105.0 MPH)
Batting: RHB Ramon Castellon 0-0: Ball
1-0: Called Strike
1-1: Called Strike
1-2: Strikes out swinging
Batting: SHB Paskar Adegoke 0-0: Ball
1-0: Called Strike
1-1: Called Strike
1-2: Ball
2-2: Ball
3-2: Ground out U3 (Groundball, 34, EV 85.0 MPH)
Top of the 1st over - 2 runs, 3 hits, 0 errors, 1 left on base; Fresno 2 - Salt Lake 0
BOTTOM OF THE 1ST
Salt Lake Bees batting - Pitching for Fresno Grizzlies : RHP Andy Montelongo
Pitching: RHP Andy Montelongo
Batting: SHB Butch Brown 0-0: Ball
1-0: Ball
2-0: Swinging Strike
2-1: Ball
3-1: Base on Balls
Batting: LHB Jack Bell 0-0: Called Strike
0-1: Ball
1-1: Ball
2-1: Swinging Strike
2-2: Ball
3-2: Ground out 5-3 (Groundball, 56S, EV 85.0 MPH)
Butch Brown to second
Batting: RHB Melvin Gomez 0-0: Fly out, F8 (Flyball, 8LXD, EV 80.6 MPH)
Runner from 2nd tags up, SAFE at 3rd, no throw by CF
Batting: RHB Jeff Long 0-0: Ground out 5-3 (Groundball, 5, EV 102.5 MPH)
Bottom of the 1st over - 0 runs, 0 hits, 0 errors, 1 left on base; Fresno 2 - Salt Lake 0
TOP OF THE 2ND
Fresno Grizzlies batting - Pitching for Salt Lake Bees : RHP Mike Tallerico
Batting: RHB Bill Cabrera 0-0: Ball
1-0: Fly out, F8 (Flyball, 8RD, EV 100.6 MPH)
Batting: RHB Raul Sanchez 0-0: Fly out, F7 (Flyball, 78M, EV 90.0 MPH)
Batting: LHB Jimmy Edlin 0-0: Ball
1-0: Ground out U3 (Groundball, 3, EV 80.0 MPH)
Top of the 2nd over - 0 runs, 0 hits, 0 errors, 0 left on base; Fresno 2 - Salt Lake 0
BOTTOM OF THE 2ND
Salt Lake Bees batting - Pitching for Fresno Grizzlies : RHP Andy Montelongo
Batting: RHB Eric Davis 0-0: Foul Ball, location: 2F
0-1: Swinging Strike
0-2: Ball
1-2: Strikes out swinging
Batting: RHB Brandon Davis 0-0: Called Strike
0-1: Called Strike
0-2: Foul Ball, location: 2F
0-2: Ball
1-2: Ball
2-2: Foul Ball, location: 2F
2-2: Ground out 5-3 (Groundball, 56, EV 90.0 MPH)
Batting: RHB Roberto Duron 0-0: Ball
1-0: SOLO HOME RUN (Flyball, 7D, EV 97.5 MPH), Distance : 383 ft
Batting: RHB Juan Rosa 0-0: Called Strike
0-1: Foul Ball, location: 2F
0-2: Foul Ball, location: 2F
0-2: Strikes out looking
Bottom of the 2nd over - 1 run, 1 hit, 0 errors, 0 left on base; Fresno 2 - Salt Lake 1
TOP OF THE 3RD
Fresno Grizzlies batting - Pitching for Salt Lake Bees : RHP Mike Tallerico
Batting: RHB C.J. Sagle 0-0: Swinging Strike
0-1: Swinging Strike
0-2: Ball
1-2: Ball
2-2: Ball
3-2: Foul Ball, location: 2F
3-2: Foul Ball, location: 2F
3-2: Foul Ball, location: 2F
3-2: Foul Ball, location: 2F
3-2: Ground out 6-3 (Groundball, 6, EV 100.0 MPH)
Batting: RHB Sam Spohn 0-0: Ball
1-0: Ball
2-0: Ground out 6-3 (Groundball, 6, EV 88.8 MPH)
Batting: RHB Chris Lane 0-0: Called Strike
0-1: SINGLE (Groundball, 6S, EV 70.6 MPH) (infield hit)
Batting: LHB Shigeru Ono 0-0: Foul Ball, location: 2F
0-1: Ball
1-1: Foul Ball, location: 2F
1-2: Ball
2-2: Ground out 4-3 (Groundball, 34, EV 107.5 MPH)
Top of the 3rd over - 0 runs, 1 hit, 0 errors, 1 left on base; Fresno 2 - Salt Lake 1
BOTTOM OF THE 3RD
Salt Lake Bees batting - Pitching for Fresno Grizzlies : RHP Andy Montelongo
Batting: LHB Larry Prey 0-0: SINGLE (Groundball, 34D, EV 101.9 MPH)
Batting: SHB Butch Brown 0-0: Called Strike
0-1: Foul Ball, location: 2F
0-2: Strikes out swinging
Batting: LHB Jack Bell 0-0: Ball
1-0: Ball
2-0: Called Strike
2-1: Fly out, F7 (Flyball, 7, EV 88.8 MPH)
Batting: RHB Melvin Gomez 0-0: Called Strike
0-1: Ball
Pickoff Play to 1st, Runner tries for 2nd, SAFE after rundown.
1-1: Swinging Strike
1-2: Strikes out swinging
Bottom of the 3rd over - 0 runs, 1 hit, 0 errors, 1 left on base; Fresno 2 - Salt Lake 1
TOP OF THE 4TH
Fresno Grizzlies batting - Pitching for Salt Lake Bees : RHP Mike Tallerico
Batting: RHB Ramon Castellon 0-0: Called Strike
0-1: Swinging Strike
0-2: Strikes out swinging
Batting: SHB Paskar Adegoke 0-0: Called Strike
0-1: Ball
1-1: Swinging Strike
1-2: Ball
2-2: Strikes out swinging
Batting: RHB Bill Cabrera 0-0: Ball
1-0: Called Strike
1-1: Called Strike
1-2: Ball
2-2: Strikes out swinging
Top of the 4th over - 0 runs, 0 hits, 0 errors, 0 left on base; Fresno 2 - Salt Lake 1
BOTTOM OF THE 4TH
Salt Lake Bees batting - Pitching for Fresno Grizzlies : RHP Andy Montelongo
Batting: RHB Jeff Long 0-0: Called Strike
0-1: Ball
1-1: Ball
2-1: Fly out, F7 (Line Drive, 78M, EV 88.1 MPH)
Batting: RHB Eric Davis 0-0: Ball
1-0: Called Strike
1-1: Ball
2-1: Called Strike
2-2: Foul Ball, location: 2F
2-2: Fly out, F7 (Flyball, 78S, EV 85.0 MPH)
Batting: RHB Brandon Davis 0-0: Swinging Strike
0-1: Called Strike
0-2: Strikes out looking
Bottom of the 4th over - 0 runs, 0 hits, 0 errors, 0 left on base; Fresno 2 - Salt Lake 1
TOP OF THE 5TH
Fresno Grizzlies batting - Pitching for Salt Lake Bees : RHP Mike Tallerico
Batting: RHB Raul Sanchez 0-0: Ball
1-0: Fly out, F8 (Line Drive, 8RD, EV 108.1 MPH)
Batting: LHB Jimmy Edlin 0-0: Called Strike
0-1: Ball
1-1: Ball
2-1: Ball
3-1: Called Strike
3-2: Foul Ball, location: 2F
3-2: Strikes out swinging
Batting: RHB C.J. Sagle 0-0: Called Strike
0-1: Ball
1-1: Swinging Strike
1-2: Ball
2-2: Foul Ball, location: 2F
2-2: Strikes out swinging
Top of the 5th over - 0 runs, 0 hits, 0 errors, 0 left on base; Fresno 2 - Salt Lake 1
BOTTOM OF THE 5TH
Salt Lake Bees batting - Pitching for Fresno Grizzlies : RHP Andy Montelongo
Batting: RHB Roberto Duron 0-0: Ball
1-0: Called Strike
1-1: SINGLE (Flyball, 34D, EV 91.2 MPH)
Batting: RHB Juan Rosa 0-0: Ball
1-0: Ball
2-0: Called Strike
2-1: Ball
3-1: SINGLE (Groundball, 6D, EV 108.1 MPH)
Roberto Duron to second
Batting: LHB Larry Prey 0-0: Ball
1-0: Foul Ball, location: 2F
1-1: SINGLE (Line Drive, 4MD, EV 97.5 MPH)
Roberto Duron to third
Juan Rosa to second
Batting: SHB Butch Brown 0-0: Foul Ball, location: 2F
0-1: Fly out, F1 (Line Drive, P, EV 68.8 MPH)
Batting: LHB Jack Bell 0-0: Called Strike
0-1: Ball
1-1: Ball
2-1: Called Strike
2-2: Hit by Pitch
Roberto Duron scores
Juan Rosa to third
Larry Prey to second
Batting: RHB Melvin Gomez 0-0: DOUBLE (Groundball, 5L, EV 109.4 MPH)
Juan Rosa scores
Larry Prey scores
Jack Bell to third
Batting: RHB Jeff Long 0-0: Ball
Wild Pitch!
Jack Bell scores
Melvin Gomez to third
1-0: Called Strike
1-1: Foul Ball, location: 2F
1-2: Strikes out swinging
Pitching: RHP Isaiah McLaurin
Batting: RHB Eric Davis 0-0: Swinging Strike
0-1: SINGLE (Groundball, 4, EV 94.4 MPH)
Melvin Gomez scores
Batting: RHB Brandon Davis 0-0: Ball
1-0: Ball
2-0: Called Strike
2-1: Ball
3-1: Fly out, F9 (Flyball, 89S, EV 81.2 MPH)
Bottom of the 5th over - 5 runs, 5 hits, 0 errors, 1 left on base; Fresno 2 - Salt Lake 6
TOP OF THE 6TH
Fresno Grizzlies batting - Pitching for Salt Lake Bees : RHP Mike Tallerico
Batting: RHB Sam Spohn 0-0: Called Strike
0-1: SINGLE (Groundball, 6MS, EV 63.1 MPH) (infield hit)
Batting: RHB Chris Lane 0-0: Called Strike
0-1: Swinging Strike
0-2: Foul Ball, location: 2F
0-2: Ball
1-2: Foul Ball, location: 2F
1-2: Ball
2-2: Strikes out swinging
Batting: LHB Shigeru Ono 0-0: Ball
1-0: Swinging Strike
1-1: Ground out 4-3 (Groundball, 13, EV 86.2 MPH)
Sam Spohn to second
Batting: RHB Ramon Castellon 0-0: Ball
1-0: Swinging Strike
1-1: Called Strike
1-2: Strikes out swinging
Top of the 6th over - 0 runs, 1 hit, 0 errors, 1 left on base; Fresno 2 - Salt Lake 6
BOTTOM OF THE 6TH
Salt Lake Bees batting - Pitching for Fresno Grizzlies : RHP Isaiah McLaurin
Batting: RHB Roberto Duron 0-0: Ball
1-0: Ball
2-0: DOUBLE (Line Drive, 7LM, EV 106.2 MPH)
Batting: RHB Juan Rosa 0-0: Ball
1-0: Called Strike
1-1: Foul Ball, location: 2F
1-2: Strikes out swinging
Batting: LHB Larry Prey 0-0: Swinging Strike
0-1: Ball
1-1: Ball
Wild Pitch!
Roberto Duron to third
2-1: Swinging Strike
2-2: Ball
3-2: Foul Ball, location: 2F
3-2: Strikes out swinging, 2-3 out at first.
Batting: SHB Butch Brown 0-0: Ball
1-0: Called Strike
1-1: Ball
2-1: Fly out, F8 (Flyball, 89M, EV 94.4 MPH)
Bottom of the 6th over - 0 runs, 1 hit, 0 errors, 1 left on base; Fresno 2 - Salt Lake 6
TOP OF THE 7TH
Fresno Grizzlies batting - Pitching for Salt Lake Bees : RHP Mike Tallerico
Batting: SHB Paskar Adegoke 0-0: Called Strike
0-1: Ball
1-1: Foul Ball, location: 2F
1-2: Strikes out swinging
Pitching: RHP Joe Beam
Batting: RHB Bill Cabrera 0-0: Called Strike
0-1: Foul Ball, location: 2F
0-2: Ball
1-2: Ground out 5-3 (Groundball, 56S, EV 86.9 MPH)
Batting: RHB Raul Sanchez 0-0: Called Strike
0-1: Called Strike
0-2: Ball
1-2: Ball
2-2: Foul Ball, location: 2F
2-2: Strikes out swinging
Top of the 7th over - 0 runs, 0 hits, 0 errors, 0 left on base; Fresno 2 - Salt Lake 6
BOTTOM OF THE 7TH
Salt Lake Bees batting - Pitching for Fresno Grizzlies : RHP Isaiah McLaurin
Pitching: RHP Alexander Hagan
Batting: LHB Jack Bell 0-0: Called Strike
0-1: Foul Ball, location: 2F
0-2: Ball
1-2: Foul Ball, location: 2F
1-2: Foul Ball, location: 2F
1-2: Foul Ball, location: 2F
1-2: Ball
2-2: Ball
3-2: Base on Balls
Batting: RHB Melvin Gomez 0-0: Called Strike
0-1: SINGLE (Groundball, 6MD, EV 108.1 MPH)
Jack Bell to second
Runner from 2nd tries for 3rd, SAFE, throw by CF made to third
Batting: RHB Jeff Long 0-0: Called Strike
0-1: Swinging Strike
0-2: Ball
1-2: Reached on error, E4 (Groundball, 4M, EV 106.2 MPH)
Jack Bell scores
Melvin Gomez to second
Batting: RHB Eric Davis 0-0: DOUBLE (Groundball, 3L, EV 101.9 MPH)
Melvin Gomez scores
Jeff Long to third
Batting: RHB Brandon Davis 0-0: Ground out 6-3 (Groundball, 6, EV 107.5 MPH)
Jeff Long scores
Pinch Hitting: RHB Kian-tat Chen 0-0: Ball
1-0: Called Strike
1-1: Called Strike
1-2: Ball
2-2: Ball
3-2: Foul Ball, location: 2F
3-2: Fly out, F5 (Popup, 5F, EV 79.4 MPH)
Batting: RHB Juan Rosa 0-0: Ball
1-0: Swinging Strike
1-1: Foul Ball, location: 2F
1-2: Ball
2-2: Ball
3-2: Foul Ball, location: 2F
3-2: Foul Ball, location: 2F
3-2: Foul Ball, location: 2F
3-2: Strikes out swinging
Bottom of the 7th over - 3 runs, 2 hits, 1 error, 1 left on base; Fresno 2 - Salt Lake 9
TOP OF THE 8TH
Fresno Grizzlies batting - Pitching for Salt Lake Bees : RHP Joe Beam
Now in LF: Kian-tat Chen
Batting: LHB Jimmy Edlin 0-0: Ground out 4-3 (Groundball, 4M, EV 101.2 MPH)
Batting: RHB C.J. Sagle 0-0: Fly out, F4 (Popup, 4, EV 77.5 MPH)
Batting: RHB Sam Spohn 0-0: Ball
1-0: Foul Ball, location: 2F
1-1: Foul Ball, location: 2F
1-2: Ball
2-2: Ground out 6-3 (Groundball, 6, EV 83.1 MPH)
Top of the 8th over - 0 runs, 0 hits, 0 errors, 0 left on base; Fresno 2 - Salt Lake 9
BOTTOM OF THE 8TH
Salt Lake Bees batting - Pitching for Fresno Grizzlies : RHP Alexander Hagan
Batting: LHB Larry Prey 0-0: Called Strike
0-1: Ball
1-1: Ball
2-1: Ball
3-1: Fly out, F7 (Flyball, 78D, EV 103.1 MPH)
Batting: SHB Butch Brown 0-0: Ball
1-0: SINGLE (Line Drive, 8RS, EV 108.1 MPH)
Batting: LHB Jack Bell 0-0: Swinging Strike
0-1: Swinging Strike
0-2: Fly out, F9 (Flyball, 9S, EV 94.4 MPH)
Batting: RHB Melvin Gomez 0-0: Ball
1-0: Ball
2-0: Called Strike
2-1: Ball
3-1: Called Strike
3-2: Base on Balls
Butch Brown to second
Batting: RHB Jeff Long 0-0: SINGLE (Groundball, 4M, EV 104.4 MPH)
Butch Brown to third
Melvin Gomez to second
Runner from 3rd tries for Home, SAFE, throw by CF to home
Batting: RHB Eric Davis 0-0: Fielders Choice at 2nd, 6-4 (Groundball, 6, EV 81.9 MPH)
Bottom of the 8th over - 1 run, 2 hits, 0 errors, 2 left on base; Fresno 2 - Salt Lake 10
TOP OF THE 9TH
Fresno Grizzlies batting - Pitching for Salt Lake Bees : RHP Joe Beam
Batting: RHB Chris Lane 0-0: Foul Ball, location: 2F
0-1: Ball
1-1: Swinging Strike
1-2: Strikes out swinging
Batting: LHB Shigeru Ono 0-0: Ball
1-0: SINGLE (Groundball, 34D, EV 94.4 MPH)
Batting: RHB Ramon Castellon 0-0: Called Strike
0-1: Called Strike
0-2: Grounds into double play, 3-6-3 (Groundball, 3S, EV 84.4 MPH)
Top of the 9th over - 0 runs, 1 hit, 0 errors, 0 left on base; Fresno 2 - Salt Lake 10
Thursday, December 15th , 2022 - OOTP Baseball 23.9 Build 102